 Dungeon Crawl Stone Soup version 0.26-a0-658-gbdda728c12 (webtiles) character file.

Game seed: 3350635034885158147

15 Horrz the Magician (level 2, 0/17 HPs)
             Began as an Octopode Hedge Wizard on Mar 21, 2020.
             Slain by a hobgoblin
             ... wielding a +0 club
              (4 damage)
             ... on level 1 of the Dungeon on Oct 5, 2020.
             The game lasted 00:07:16 (689 turns).

Horrz the Magician (Octopode Hedge Wizard)           Turns: 689, Time: 00:07:17

Health: 0/17       AC:  1    Str:  6    XL:     2   Next: 50%
Magic:  5/6        EV: 13    Int: 20    God:
Gold:   39         SH:  0    Dex: 10    Spells: 4/7 levels left

rFire    + . .     SeeInvis .   d - +0 dagger
rCold    . . .     Faith    .   (no shield)
rNeg     . . .     Spirit   .   a - +0 hat
rPois    .         Reflect  .   (no amulet)
rElec    .         Harm     .   h - ring of protection from fire
rCorr    .         Rampage  .   (no ring)
MR       .....                  (no ring)
Stlth    +++.......             (no ring)
HPRegen  0.05/turn              (no ring)
MPRegen  0.10/turn              (no ring)
                                (no ring)
                                (no ring)

@: no status effects
A: almost no armour, stealthy swim, amphibious, 8 rings, constrict 8, camouflage
1, gelatinous body 1
a: no special abilities


You were on level 1 of the Dungeon.
You visited 1 branch of the dungeon, and saw 2 of its levels.

You collected 39 gold pieces.

Inventory:

Hand Weapons
 d - a +0 dagger (weapon)
Armour
 a - a +0 hat (worn)
Jewellery
 h - a ring of protection from fire (left tentacle)
Scrolls
 b - a scroll of amnesia {unknown}
 g - a scroll of enchant armour {unknown}
 i - a scroll of remove curse {unknown}
 k - a scroll of identify {unknown}
Potions
 e - a potion of cancellation {unknown}
 f - 2 potions of brilliance {unknown}
 j - a potion of lignification {unknown}
Comestibles
 c - a removed food


   Skills:
 - Level 2.0 Dodging
 - Level 2.6 Stealth
 + Level 3.3 Spellcasting
 + Level 1.8 Conjurations
   Level 1.0 Summonings
 - Level 1.0 Translocations


You had 4 spell levels left.
You knew the following spells:

 Your Spells              Type           Power        Failure   Level
a - Magic Dart            Conj           ##..         6%          1
b - Blink                 Tloc           N/A          14%         2

Your spell library contained the following spells:

 Spells                   Type           Power        Failure   Level
 Call Imp                 Summ           #.......     14%         2
 Slow                     Hex            #.......     21%         2
 Conjure Flame            Conj/Fire      #.......     28%         3
 Mephitic Cloud           Conj/Pois/Air  #.......     32%         3


Dungeon Overview and Level Annotations

Branches:
Dungeon (2/15)

Altars:


Innate Abilities, Weirdness & Mutations

You cannot wear most types of armour.
You are very stealthy in the water. (Stealth+)
You are amphibious.
You can wear up to eight rings at the same time.
You can use your tentacles to constrict eight enemies at once.
Your skin changes colour to match your surroundings (Stealth+).
Your rubbery body absorbs attacks. (AC +1, EV +1)


Message History

Where to? (? - help)
Okay, then.
(D) Dungeon
Where to? (? - help)
Okay, then.
Sorry, I don't know how to get there.
A hobgoblin comes into view.
The hobgoblin shouts!
A hobgoblin and a dart slug come into view.
Found 20 arrows.
The hobgoblin shouts!
A bat comes into view.
The bat misses you. The bat hits you but does no damage.
The dart slug launches a dart at you. The slug dart hits you!
The bat hits you but does no damage. The bat barely misses you.
The hobgoblin hits you with a +0 club.
* * * LOW HITPOINT WARNING * * *
The bat barely misses you. The hobgoblin hits you with a +0 club.
You die...

#..†#
#.>.#
#.g.#
####.####
#w.w....#
#.##.##.#
.##.# #
#b## #
...w#
#g.#
..#..
##@#
.###.
#.......#
###!#..
#####.###
#!#.#.
#.# #.###
#.# ##.#.
#.# #....
#.. .....
### # #.
#.


You could see a dart slug, 2 hobgoblins and a bat.

Vanquished Creatures
  A dart slug (D:1)
  A leopard gecko (D:2)
  3 bats (D:1)
  2 hobgoblins
  2 frilled lizards (D:1)
  A kobold (D:1)
  3 rats
13 creatures vanquished.

Notes
Turn   | Place    | Note
-------+----------+-------------------------------------------
     0 | D:1      | Horrz the Octopode Wizard began the quest for the Orb.
     0 | D:1      | Reached XP level 1. HP: 11/11 MP: 4/4
   330 | D:1      | Reached XP level 2. HP: 17/17 MP: 3/6
   401 | D:1      | Learned a level 2 spell: Blink
   683 | D:1      | Upgraded the game from 0.25-a0-645-gb4487340cb to
                  | 0.26-a0-117-g2bcdb00447
   683 | D:1      | Upgraded the game from 0.26-a0-117-g2bcdb00447 to
                  | 0.26-a0-658-gbdda728c12
   689 | D:1      | Slain by a hobgoblin

Illustrated notes

Levels and vault maps discovered:
D:1:      scummos_arrival_checkerplants, layout_loops_cross, minmay_pentomino_x4
D:2:      cheibrodos_pilgrimage, layout_basic, first_ration,
          nemelex_diamond_rough_becter

Action                   || total
-------------------------++-------
 Cast: Magic Dart        ||    31
Armor: Skin              ||     4
Dodge: Dodged            ||    11

Table legend: (Time is in decaauts)
 A = Elapsed time spent in this place.
 B = Non-inter-level travel time spent in this place.
 C = Inter-level travel time spent in this place.
 D = Time resting spent in this place.
 E = Time spent auto-exploring this place.
 F = Levels seen in this place.
 G = Mean time per level.
                   A        B        C        D        E       F      G
               +--------+--------+--------+--------+--------+-----+--------+
         Total |    688 |    688 |      0 |    342 |    135 |   2 |  344.0 |
       Dungeon |    688 |    688 |      0 |    342 |    135 |   2 |  344.0 |
               +--------+--------+--------+--------+--------+-----+--------+

Top non-repeatable levels by time:
     D:1: 6 daAuts
Note: time per level data comes from an upgraded game and may be incomplete.
